Workbook

Sheet §19(2)S2_StromNEV_I
A1: §19(2)_S.2_StromNEV_V1.01_240313 | B1: Individuelles Netzentgelt gemäß § 19 Abs. 2 Satz 2 StromNEV | T1: K1RPPS2
A3: Angaben zum Letztverbraucher | I3: Angaben zum physikalischen Pfad
A5: Firmenbezeichnung und Rechtsform | I5: Berechnung des physikalischen Pfades zu… | O5: bitte wählen
A6: Straße und Hausnummer | I6: Bezeichnung des nächstgelegenen Netzknotenpunktes
A7: PLZ und Ort | I7: Einspeiseebene [Erzeugungsanlage] bzw. Spannungsebene [Netzknotenpunkt] | O7: bitte wählen
A8: Anschrift der Abnahmestelle [Str., Hausnr., PLZ und Ort] | I8: Geeignete Erzeugungsanlage [Art]
A9: Marktlokations-Identifikationsnummer (MaLo-ID) | I9: Geeignete Erzeugungsanlage [Name]
A10: Messlokations-Identifikationsnummer (MeLo-ID) | I10: Kraftwerksnummer der Bundesnetzagentur
A11: Anschlussebene | C11: bitte wählen | I11: Marktstammdatenregister-Nummer (MaStR-Nr.) der Stromerzeugungseinheit mit Kennung SEE
I12: Geeignete Erzeugungsanlage [Anschrift, PLZ, Ort]
I13: Nettonennleistung [MW]
A14: Angaben zum Netzbetreiber | C14: Anschlussnetzbetreiber | I14: Weiterer Netzbetreiber (nur auszufüllen, wenn Berechnung des physikalischen Pfades in die vorgelagerte Netzebene erfolgt) | O14: Weiterer Netzbetreiber (nur auszufüllen, wenn Berechnung des physikalischen Pfades in eine weitere Netzebene erfolgt)
A15: Firmenbezeichnung und Rechtsform
A16: Straße und Hausnummer
A17: PLZ und Ort
A18: Netzbetreiberklassifikation | C18: bitte wählen | I18: bitte wählen | O18: bitte wählen
A19: Gewerbesteuerhebesatz
A22: Allgemeine Netzentgelte | G22: Individuelles Netzentgelt (berechnet) | M22: Individuelles Netzentgelt (tatsächlich)
A24: Arbeit [kWh] | C24: =CONCATENATE("Arbeitspreis ",C11," [ct/kWh]") -> Arbeitspreis bitte wählen [ct/kWh] | G24: Kosten für Verlustenergie | I24: =E35 -> 0 | K24: =I24+I26+I28+I30 -> 0 | M24: Berechnetes individuelles Netzentgelt | R24: =K24 -> 0
E25: =(A25*C25/100)+(A28*C28) -> 0
A26: Netzkosten Arbeit | C26: =(A25*C25/100) -> 0 | G26: Kosten für Netz-reservekapazität | I26: =K35 -> 0 | M26: Mind. zu zahlendendes indiv. Netzentgelt | R26: =IF(E30>=8000,E25*0.1,IF(E30>=7500,E25*0.15,IF(E30>=7000,E25*0.2,E25))) -> 0
A27: Leistung [kW] | C27: =CONCATENATE("Leistungspreis ",C11," [EUR/kW]") -> Leistungspreis bitte wählen [EUR/kW]
G28: Kosten für vorgelagertes Netz | I28: =R38 -> 0 | M28: Tatsächliches individuelles Netzentgelt | R28: =IF(R24<R26,R26,R24) -> 0
A29: Netzkosten Leistung | C29: =(A28*C28) -> 0
A30: Benutzungsstunden | E30: =IF(A28="",0,A25/A28) -> 0 | G30: Kosten des physikalischen Pfades | I30: =SUM('§19(2)S2_StromNEV_II_NB'!R4:R28)+SUM('§19(2)S2_StromNEV_II_vNB'!R4:R28)+SUM('§19(2)S2_StromNEV_II_NB2'!R4:R28) -> 0 | M30: Tatsächliche relative Senkung | R30: =IF(E25=0,0,1-(R28/E25)) -> 0
A33: Kosten für Verlustenergie | G33: Kosten für Netzreservekapazität | M33: Kosten für vorgelagertes Netz (bei Bildung des physikalischen Pfades bis zum nächstgelegenen Netzknotenpunkt)
A34: Verlustenergiemenge [kWh] | C34: Verlust-energiepreis [ct/kWh] | E34: Kosten für Verlustenergie [EUR] | G34: Menge [kW] | I34: Entgelt [EUR/kW*a] | K34: Kosten für Netzreserve-kapazität* [EUR] *max. 10% der allg. NE | M34: Vorgelagerter Netzbetreiber
E35: =C35*A35/100 -> 0 | K35: =IF(K37="ja",0,MIN(I35*G35,E25*0.1)) -> 0 | M35: Anschlussebene | O35: bitte auswählen
G37: (n-1)-Sicherheit in anderer Weise sichergestellt ? (bspw. Versorgung durch ein mit mehreren Blöcken betriebenes Kraftwerk) | K37: bitte wählen | M37: Arbeit Bezugsmenge [kWh] | O37: Arbeits-preis [ct/kWh] | R37: Kosten für vorgelagertes Netz [EUR]
R38: =IF(O5="einer geeigneten Erzeugungsanlage",0,(M38*O38/100)+(M41*O41)) -> 0
M40: Leistung Bezugsmenge [kW] | O40: Leistungs- preis [EUR/kW]
A44: Mischzins (EK + FK) | C44: =(C45*0.4)+(C46*0.6) -> 0
A45: Eigenkapital-Zins (EK)
A46: Fremdkapital-Zins (FK)

Sheet §19(2)S2_StromNEV_II_NB
A2: =IF('§19(2)S2_StromNEV_I'!C15="","",'§19(2)S2_StromNEV_I'!C15)
A3: Betriebsmittel | B3: Spannungs-ebene | C3: Benennung des Betriebsmittels und Ort | D3: Anzahl / Länge [km] | E3: AK/HK bzw. Tagesneuwert je Einheit [EUR/Stück bzw. EUR/km] | F3: Gesamt- investition [EUR] | G3: Nutzungs- dauer [Jahre] | H3: Kapitalkosten/a [EUR] | I3: Betriebs- kosten/a [EUR] | J3: davon Kosten für System- dienst- leistungen/a [EUR] | K3: Gesamtkosten/a | M3: Kapazität des Betriebs- mittels [MVA bzw. MW] | N3: Bereinigte Kapazität (inkl. Sicherheits-abschlag) [MVA bzw. MW] | O3: Vereinbarte Anschluss- kapazität [MVA bzw. MW] | P3: Zurechen- barer Anteil | R3: Zurechen- bare Kosten/a
A4: bitte wählen | B4: bitte wählen | F4: =D4*E4 -> 0 | H4: =IF(F4=0,0,((F4/G4)+(F4*'§19(2)S2_StromNEV_I'!$C$44)+((F4*'§19(2)S2_StromNEV_I'!$C$44)*'§19(2)S2_StromNEV_I'!$C$19*0.035))) -> 0 | K4: =H4+I4-J4 -> 0 | N4: =M4*0.8 -> 0 | P4: =IF(O4="","",O4/N4) | R4: =IF(P4="",K4,K4*P4) -> 0
A5: bitte wählen | B5: bitte wählen | F5: =D5*E5 -> 0 | H5: =IF(F5=0,0,((F5/G5)+(F5*'§19(2)S2_StromNEV_I'!$C$44)+((F5*'§19(2)S2_StromNEV_I'!$C$44)*'§19(2)S2_StromNEV_I'!$C$19*0.035))) -> 0 | K5: =H5+I5-J5 -> 0 | N5: =M5*0.8 -> 0 | P5: =IF(O5="","",O5/N5) | R5: =IF(P5="",K5,K5*P5) -> 0
A6: bitte wählen | B6: bitte wählen | F6: =D6*E6 -> 0 | H6: =IF(F6=0,0,((F6/G6)+(F6*'§19(2)S2_StromNEV_I'!$C$44)+((F6*'§19(2)S2_StromNEV_I'!$C$44)*'§19(2)S2_StromNEV_I'!$C$19*0.035))) -> 0 | K6: =H6+I6-J6 -> 0 | N6: =M6*0.8 -> 0 | P6: =IF(O6="","",O6/N6) | R6: =IF(P6="",K6,K6*P6) -> 0
A7: bitte wählen | B7: bitte wählen | F7: =D7*E7 -> 0 | H7: =IF(F7=0,0,((F7/G7)+(F7*'§19(2)S2_StromNEV_I'!$C$44)+((F7*'§19(2)S2_StromNEV_I'!$C$44)*'§19(2)S2_StromNEV_I'!$C$19*0.035))) -> 0 | K7: =H7+I7-J7 -> 0 | N7: =M7*0.8 -> 0 | P7: =IF(O7="","",O7/N7) | R7: =IF(P7="",K7,K7*P7) -> 0
A8: bitte wählen | B8: bitte wählen | F8: =D8*E8 -> 0 | H8: =IF(F8=0,0,((F8/G8)+(F8*'§19(2)S2_StromNEV_I'!$C$44)+((F8*'§19(2)S2_StromNEV_I'!$C$44)*'§19(2)S2_StromNEV_I'!$C$19*0.035))) -> 0 | K8: =H8+I8-J8 -> 0 | N8: =M8*0.8 -> 0 | P8: =IF(O8="","",O8/N8) | R8: =IF(P8="",K8,K8*P8) -> 0
A9: bitte wählen | B9: bitte wählen | F9: =D9*E9 -> 0 | H9: =IF(F9=0,0,((F9/G9)+(F9*'§19(2)S2_StromNEV_I'!$C$44)+((F9*'§19(2)S2_StromNEV_I'!$C$44)*'§19(2)S2_StromNEV_I'!$C$19*0.035))) -> 0 | K9: =H9+I9-J9 -> 0 | N9: =M9*0.8 -> 0 | P9: =IF(O9="","",O9/N9) | R9: =IF(P9="",K9,K9*P9) -> 0
A10: bitte wählen | B10: bitte wählen | F10: =D10*E10 -> 0 | H10: =IF(F10=0,0,((F10/G10)+(F10*'§19(2)S2_StromNEV_I'!$C$44)+((F10*'§19(2)S2_StromNEV_I'!$C$44)*'§19(2)S2_StromNEV_I'!$C$19*0.035))) -> 0 | K10: =H10+I10-J10 -> 0 | N10: =M10*0.8 -> 0 | P10: =IF(O10="","",O10/N10) | R10: =IF(P10="",K10,K10*P10) -> 0
A11: bitte wählen | B11: bitte wählen | F11: =D11*E11 -> 0 | H11: =IF(F11=0,0,((F11/G11)+(F11*'§19(2)S2_StromNEV_I'!$C$44)+((F11*'§19(2)S2_StromNEV_I'!$C$44)*'§19(2)S2_StromNEV_I'!$C$19*0.035))) -> 0 | K11: =H11+I11-J11 -> 0 | N11: =M11*0.8 -> 0 | P11: =IF(O11="","",O11/N11) | R11: =IF(P11="",K11,K11*P11) -> 0
A12: bitte wählen | B12: bitte wählen | F12: =D12*E12 -> 0 | H12: =IF(F12=0,0,((F12/G12)+(F12*'§19(2)S2_StromNEV_I'!$C$44)+((F12*'§19(2)S2_StromNEV_I'!$C$44)*'§19(2)S2_StromNEV_I'!$C$19*0.035))) -> 0 | K12: =H12+I12-J12 -> 0 | N12: =M12*0.8 -> 0 | P12: =IF(O12="","",O12/N12) | R12: =IF(P12="",K12,K12*P12) -> 0
A13: bitte wählen | B13: bitte wählen | F13: =D13*E13 -> 0 | H13: =IF(F13=0,0,((F13/G13)+(F13*'§19(2)S2_StromNEV_I'!$C$44)+((F13*'§19(2)S2_StromNEV_I'!$C$44)*'§19(2)S2_StromNEV_I'!$C$19*0.035))) -> 0 | K13: =H13+I13-J13 -> 0 | N13: =M13*0.8 -> 0 | P13: =IF(O13="","",O13/N13) | R13: =IF(P13="",K13,K13*P13) -> 0
A14: bitte wählen | B14: bitte wählen | F14: =D14*E14 -> 0 | H14: =IF(F14=0,0,((F14/G14)+(F14*'§19(2)S2_StromNEV_I'!$C$44)+((F14*'§19(2)S2_StromNEV_I'!$C$44)*'§19(2)S2_StromNEV_I'!$C$19*0.035))) -> 0 | K14: =H14+I14-J14 -> 0 | N14: =M14*0.8 -> 0 | P14: =IF(O14="","",O14/N14) | R14: =IF(P14="",K14,K14*P14) -> 0
A15: bitte wählen | B15: bitte wählen | F15: =D15*E15 -> 0 | H15: =IF(F15=0,0,((F15/G15)+(F15*'§19(2)S2_StromNEV_I'!$C$44)+((F15*'§19(2)S2_StromNEV_I'!$C$44)*'§19(2)S2_StromNEV_I'!$C$19*0.035))) -> 0 | K15: =H15+I15-J15 -> 0 | N15: =M15*0.8 -> 0 | P15: =IF(O15="","",O15/N15) | R15: =IF(P15="",K15,K15*P15) -> 0
... A28: bitte wählen | B28: bitte wählen | F28: =D28*E28 -> 0 | H28: =IF(F28=0,0,((F28/G28)+(F28*'§19(2)S2_StromNEV_I'!$C$44)+((F28*'§19(2)S2_StromNEV_I'!$C$44)*'§19(2)S2_StromNEV_I'!$C$19*0.035))) -> 0 | K28: =H28+I28-J28 -> 0 | N28: =M28*0.8 -> 0 | P28: =IF(O28="","",O28/N28) | R28: =IF(P28="",K28,K28*P28) -> 0

Sheet §19(2)S2_StromNEV_II_vNB
A2: =IF('§19(2)S2_StromNEV_I'!I15="","",'§19(2)S2_StromNEV_I'!I15)
A3: Betriebsmittel | B3: Spannungs-ebene | C3: Benennung des Betriebsmittels und Ort | D3: Anzahl / Länge [km] | E3: AK/HK bzw. Tagesneuwert je Einheit [EUR/Stück bzw. EUR/km] | F3: Gesamt- investition [EUR] | G3: Nutzungs- dauer [Jahre] | H3: Kapitalkosten/a [EUR] | I3: Betriebs- kosten/a [EUR] | J3: davon Kosten für System- dienst- leistungen/a [EUR] | K3: Gesamtkosten/a | M3: Kapazität des Betriebs- mittels [MVA bzw. MW] | N3: Bereinigte Kapazität (inkl. Sicherheits-abschlag) [MVA bzw. MW] | O3: Vereinbarte Anschluss- kapazität [MVA bzw. MW] | P3: Zurechen- barer Anteil | R3: Zurechen- bare Kosten/a
A4: bitte wählen | B4: bitte wählen | F4: =D4*E4 -> 0 | H4: =IF(F4=0,0,((F4/G4)+(F4*'§19(2)S2_StromNEV_I'!$C$44)+((F4*'§19(2)S2_StromNEV_I'!$C$44)*'§19(2)S2_StromNEV_I'!$I$19*0.035))) -> 0 | K4: =H4+I4-J4 -> 0 | N4: =M4*0.8 -> 0 | P4: =IF(O4="","",O4/N4) | R4: =IF(P4="",K4,K4*P4) -> 0
A5: bitte wählen | B5: bitte wählen | F5: =D5*E5 -> 0 | H5: =IF(F5=0,0,((F5/G5)+(F5*'§19(2)S2_StromNEV_I'!$C$44)+((F5*'§19(2)S2_StromNEV_I'!$C$44)*'§19(2)S2_StromNEV_I'!$I$19*0.035))) -> 0 | K5: =H5+I5-J5 -> 0 | N5: =M5*0.8 -> 0 | P5: =IF(O5="","",O5/N5) | R5: =IF(P5="",K5,K5*P5) -> 0
A6: bitte wählen | B6: bitte wählen | F6: =D6*E6 -> 0 | H6: =IF(F6=0,0,((F6/G6)+(F6*'§19(2)S2_StromNEV_I'!$C$44)+((F6*'§19(2)S2_StromNEV_I'!$C$44)*'§19(2)S2_StromNEV_I'!$I$19*0.035))) -> 0 | K6: =H6+I6-J6 -> 0 | N6: =M6*0.8 -> 0 | P6: =IF(O6="","",O6/N6) | R6: =IF(P6="",K6,K6*P6) -> 0
A7: bitte wählen | B7: bitte wählen | F7: =D7*E7 -> 0 | H7: =IF(F7=0,0,((F7/G7)+(F7*'§19(2)S2_StromNEV_I'!$C$44)+((F7*'§19(2)S2_StromNEV_I'!$C$44)*'§19(2)S2_StromNEV_I'!$I$19*0.035))) -> 0 | K7: =H7+I7-J7 -> 0 | N7: =M7*0.8 -> 0 | P7: =IF(O7="","",O7/N7) | R7: =IF(P7="",K7,K7*P7) -> 0
A8: bitte wählen | B8: bitte wählen | F8: =D8*E8 -> 0 | H8: =IF(F8=0,0,((F8/G8)+(F8*'§19(2)S2_StromNEV_I'!$C$44)+((F8*'§19(2)S2_StromNEV_I'!$C$44)*'§19(2)S2_StromNEV_I'!$I$19*0.035))) -> 0 | K8: =H8+I8-J8 -> 0 | N8: =M8*0.8 -> 0 | P8: =IF(O8="","",O8/N8) | R8: =IF(P8="",K8,K8*P8) -> 0
A9: bitte wählen | B9: bitte wählen | F9: =D9*E9 -> 0 | H9: =IF(F9=0,0,((F9/G9)+(F9*'§19(2)S2_StromNEV_I'!$C$44)+((F9*'§19(2)S2_StromNEV_I'!$C$44)*'§19(2)S2_StromNEV_I'!$I$19*0.035))) -> 0 | K9: =H9+I9-J9 -> 0 | N9: =M9*0.8 -> 0 | P9: =IF(O9="","",O9/N9) | R9: =IF(P9="",K9,K9*P9) -> 0
A10: bitte wählen | B10: bitte wählen | F10: =D10*E10 -> 0 | H10: =IF(F10=0,0,((F10/G10)+(F10*'§19(2)S2_StromNEV_I'!$C$44)+((F10*'§19(2)S2_StromNEV_I'!$C$44)*'§19(2)S2_StromNEV_I'!$I$19*0.035))) -> 0 | K10: =H10+I10-J10 -> 0 | N10: =M10*0.8 -> 0 | P10: =IF(O10="","",O10/N10) | R10: =IF(P10="",K10,K10*P10) -> 0
A11: bitte wählen | B11: bitte wählen | F11: =D11*E11 -> 0 | H11: =IF(F11=0,0,((F11/G11)+(F11*'§19(2)S2_StromNEV_I'!$C$44)+((F11*'§19(2)S2_StromNEV_I'!$C$44)*'§19(2)S2_StromNEV_I'!$I$19*0.035))) -> 0 | K11: =H11+I11-J11 -> 0 | N11: =M11*0.8 -> 0 | P11: =IF(O11="","",O11/N11) | R11: =IF(P11="",K11,K11*P11) -> 0
A12: bitte wählen | B12: bitte wählen | F12: =D12*E12 -> 0 | H12: =IF(F12=0,0,((F12/G12)+(F12*'§19(2)S2_StromNEV_I'!$C$44)+((F12*'§19(2)S2_StromNEV_I'!$C$44)*'§19(2)S2_StromNEV_I'!$I$19*0.035))) -> 0 | K12: =H12+I12-J12 -> 0 | N12: =M12*0.8 -> 0 | P12: =IF(O12="","",O12/N12) | R12: =IF(P12="",K12,K12*P12) -> 0
A13: bitte wählen | B13: bitte wählen | F13: =D13*E13 -> 0 | H13: =IF(F13=0,0,((F13/G13)+(F13*'§19(2)S2_StromNEV_I'!$C$44)+((F13*'§19(2)S2_StromNEV_I'!$C$44)*'§19(2)S2_StromNEV_I'!$I$19*0.035))) -> 0 | K13: =H13+I13-J13 -> 0 | N13: =M13*0.8 -> 0 | P13: =IF(O13="","",O13/N13) | R13: =IF(P13="",K13,K13*P13) -> 0
A14: bitte wählen | B14: bitte wählen | F14: =D14*E14 -> 0 | H14: =IF(F14=0,0,((F14/G14)+(F14*'§19(2)S2_StromNEV_I'!$C$44)+((F14*'§19(2)S2_StromNEV_I'!$C$44)*'§19(2)S2_StromNEV_I'!$I$19*0.035))) -> 0 | K14: =H14+I14-J14 -> 0 | N14: =M14*0.8 -> 0 | P14: =IF(O14="","",O14/N14) | R14: =IF(P14="",K14,K14*P14) -> 0
A15: bitte wählen | B15: bitte wählen | F15: =D15*E15 -> 0 | H15: =IF(F15=0,0,((F15/G15)+(F15*'§19(2)S2_StromNEV_I'!$C$44)+((F15*'§19(2)S2_StromNEV_I'!$C$44)*'§19(2)S2_StromNEV_I'!$I$19*0.035))) -> 0 | K15: =H15+I15-J15 -> 0 | N15: =M15*0.8 -> 0 | P15: =IF(O15="","",O15/N15) | R15: =IF(P15="",K15,K15*P15) -> 0
... A28: bitte wählen | B28: bitte wählen | F28: =D28*E28 -> 0 | H28: =IF(F28=0,0,((F28/G28)+(F28*'§19(2)S2_StromNEV_I'!$C$44)+((F28*'§19(2)S2_StromNEV_I'!$C$44)*'§19(2)S2_StromNEV_I'!$I$19*0.035))) -> 0 | K28: =H28+I28-J28 -> 0 | N28: =M28*0.8 -> 0 | P28: =IF(O28="","",O28/N28) | R28: =IF(P28="",K28,K28*P28) -> 0

Sheet §19(2)S2_StromNEV_II_NB2
A2: =IF('§19(2)S2_StromNEV_I'!O15="","",'§19(2)S2_StromNEV_I'!O15)
A3: Betriebsmittel | B3: Spannungs-ebene | C3: Benennung des Betriebsmittels und Ort | D3: Anzahl / Länge [km] | E3: AK/HK bzw. Tagesneuwert je Einheit [EUR/Stück bzw. EUR/km] | F3: Gesamt- investition [EUR] | G3: Nutzungs- dauer [Jahre] | H3: Kapitalkosten/a [EUR] | I3: Betriebs- kosten/a [EUR] | J3: davon Kosten für System- dienst- leistungen/a [EUR] | K3: Gesamtkosten/a | M3: Kapazität des Betriebs- mittels [MVA bzw. MW] | N3: Bereinigte Kapazität (inkl. Sicherheits-abschlag) [MVA bzw. MW] | O3: Vereinbarte Anschluss- kapazität [MVA bzw. MW] | P3: Zurechen- barer Anteil | R3: Zurechen- bare Kosten/a
A4: bitte wählen | B4: bitte wählen | F4: =D4*E4 -> 0 | H4: =IF(F4=0,0,((F4/G4)+(F4*'§19(2)S2_StromNEV_I'!$C$44)+((F4*'§19(2)S2_StromNEV_I'!$C$44)*'§19(2)S2_StromNEV_I'!$O$19*0.035))) -> 0 | K4: =H4+I4-J4 -> 0 | N4: =M4*0.8 -> 0 | P4: =IF(O4="","",O4/N4) | R4: =IF(P4="",K4,K4*P4) -> 0
A5: bitte wählen | B5: bitte wählen | F5: =D5*E5 -> 0 | H5: =IF(F5=0,0,((F5/G5)+(F5*'§19(2)S2_StromNEV_I'!$C$44)+((F5*'§19(2)S2_StromNEV_I'!$C$44)*'§19(2)S2_StromNEV_I'!$O$19*0.035))) -> 0 | K5: =H5+I5-J5 -> 0 | N5: =M5*0.8 -> 0 | P5: =IF(O5="","",O5/N5) | R5: =IF(P5="",K5,K5*P5) -> 0
A6: bitte wählen | B6: bitte wählen | F6: =D6*E6 -> 0 | H6: =IF(F6=0,0,((F6/G6)+(F6*'§19(2)S2_StromNEV_I'!$C$44)+((F6*'§19(2)S2_StromNEV_I'!$C$44)*'§19(2)S2_StromNEV_I'!$O$19*0.035))) -> 0 | K6: =H6+I6-J6 -> 0 | N6: =M6*0.8 -> 0 | P6: =IF(O6="","",O6/N6) | R6: =IF(P6="",K6,K6*P6) -> 0
A7: bitte wählen | B7: bitte wählen | F7: =D7*E7 -> 0 | H7: =IF(F7=0,0,((F7/G7)+(F7*'§19(2)S2_StromNEV_I'!$C$44)+((F7*'§19(2)S2_StromNEV_I'!$C$44)*'§19(2)S2_StromNEV_I'!$O$19*0.035))) -> 0 | K7: =H7+I7-J7 -> 0 | N7: =M7*0.8 -> 0 | P7: =IF(O7="","",O7/N7) | R7: =IF(P7="",K7,K7*P7) -> 0
A8: bitte wählen | B8: bitte wählen | F8: =D8*E8 -> 0 | H8: =IF(F8=0,0,((F8/G8)+(F8*'§19(2)S2_StromNEV_I'!$C$44)+((F8*'§19(2)S2_StromNEV_I'!$C$44)*'§19(2)S2_StromNEV_I'!$O$19*0.035))) -> 0 | K8: =H8+I8-J8 -> 0 | N8: =M8*0.8 -> 0 | P8: =IF(O8="","",O8/N8) | R8: =IF(P8="",K8,K8*P8) -> 0
A9: bitte wählen | B9: bitte wählen | F9: =D9*E9 -> 0 | H9: =IF(F9=0,0,((F9/G9)+(F9*'§19(2)S2_StromNEV_I'!$C$44)+((F9*'§19(2)S2_StromNEV_I'!$C$44)*'§19(2)S2_StromNEV_I'!$O$19*0.035))) -> 0 | K9: =H9+I9-J9 -> 0 | N9: =M9*0.8 -> 0 | P9: =IF(O9="","",O9/N9) | R9: =IF(P9="",K9,K9*P9) -> 0
A10: bitte wählen | B10: bitte wählen | F10: =D10*E10 -> 0 | H10: =IF(F10=0,0,((F10/G10)+(F10*'§19(2)S2_StromNEV_I'!$C$44)+((F10*'§19(2)S2_StromNEV_I'!$C$44)*'§19(2)S2_StromNEV_I'!$O$19*0.035))) -> 0 | K10: =H10+I10-J10 -> 0 | N10: =M10*0.8 -> 0 | P10: =IF(O10="","",O10/N10) | R10: =IF(P10="",K10,K10*P10) -> 0
A11: bitte wählen | B11: bitte wählen | F11: =D11*E11 -> 0 | H11: =IF(F11=0,0,((F11/G11)+(F11*'§19(2)S2_StromNEV_I'!$C$44)+((F11*'§19(2)S2_StromNEV_I'!$C$44)*'§19(2)S2_StromNEV_I'!$O$19*0.035))) -> 0 | K11: =H11+I11-J11 -> 0 | N11: =M11*0.8 -> 0 | P11: =IF(O11="","",O11/N11) | R11: =IF(P11="",K11,K11*P11) -> 0
A12: bitte wählen | B12: bitte wählen | F12: =D12*E12 -> 0 | H12: =IF(F12=0,0,((F12/G12)+(F12*'§19(2)S2_StromNEV_I'!$C$44)+((F12*'§19(2)S2_StromNEV_I'!$C$44)*'§19(2)S2_StromNEV_I'!$O$19*0.035))) -> 0 | K12: =H12+I12-J12 -> 0 | N12: =M12*0.8 -> 0 | P12: =IF(O12="","",O12/N12) | R12: =IF(P12="",K12,K12*P12) -> 0
A13: bitte wählen | B13: bitte wählen | F13: =D13*E13 -> 0 | H13: =IF(F13=0,0,((F13/G13)+(F13*'§19(2)S2_StromNEV_I'!$C$44)+((F13*'§19(2)S2_StromNEV_I'!$C$44)*'§19(2)S2_StromNEV_I'!$O$19*0.035))) -> 0 | K13: =H13+I13-J13 -> 0 | N13: =M13*0.8 -> 0 | P13: =IF(O13="","",O13/N13) | R13: =IF(P13="",K13,K13*P13) -> 0
A14: bitte wählen | B14: bitte wählen | F14: =D14*E14 -> 0 | H14: =IF(F14=0,0,((F14/G14)+(F14*'§19(2)S2_StromNEV_I'!$C$44)+((F14*'§19(2)S2_StromNEV_I'!$C$44)*'§19(2)S2_StromNEV_I'!$O$19*0.035))) -> 0 | K14: =H14+I14-J14 -> 0 | N14: =M14*0.8 -> 0 | P14: =IF(O14="","",O14/N14) | R14: =IF(P14="",K14,K14*P14) -> 0
A15: bitte wählen | B15: bitte wählen | F15: =D15*E15 -> 0 | H15: =IF(F15=0,0,((F15/G15)+(F15*'§19(2)S2_StromNEV_I'!$C$44)+((F15*'§19(2)S2_StromNEV_I'!$C$44)*'§19(2)S2_StromNEV_I'!$O$19*0.035))) -> 0 | K15: =H15+I15-J15 -> 0 | N15: =M15*0.8 -> 0 | P15: =IF(O15="","",O15/N15) | R15: =IF(P15="",K15,K15*P15) -> 0
... A28: bitte wählen | B28: bitte wählen | F28: =D28*E28 -> 0 | H28: =IF(F28=0,0,((F28/G28)+(F28*'§19(2)S2_StromNEV_I'!$C$44)+((F28*'§19(2)S2_StromNEV_I'!$C$44)*'§19(2)S2_StromNEV_I'!$O$19*0.035))) -> 0 | K28: =H28+I28-J28 -> 0 | N28: =M28*0.8 -> 0 | P28: =IF(O28="","",O28/N28) | R28: =IF(P28="",K28,K28*P28) -> 0
